 Dungeon Crawl Stone Soup version 0.29.1-14-g9c671dbff4 (webtiles) character file.

Game seed: 10330046106686000768

4674 Peloso the Carver (level 10, -7/132 HPs)
             Began as a Minotaur Fighter on Feb 12, 2023.
             Was an Elder of Okawaru.
             Mangled by an orc warlord
             ... wielding a +8 battleaxe
              (12 damage)
             ... in a bailey.
             The game lasted 00:17:00 (6448 turns).

Peloso the Carver (Minotaur Fighter)                Turns: 6448, Time: 00:17:00

Health: -7/132     AC: 19    Str: 24    XL:     10   Next: 21%
Magic:  8/9        EV:  8    Int:  7    God:    Okawaru [****..]
Gold:   414        SH:  5    Dex: 13    Spells: 9/9 levels left

rFire   . . .      SeeInvis .   b - +7 broad axe "Zoasad" {vorpal, Int+2}
rCold   . . .      Faith    .   d - +0 buckler
rNeg    . . .      Spirit   .   D - +2 plate armour "Nedgh" {Harm Will++ Str+2 Stlth+}
rPois   .          Reflect  .   C - +2 hat
rElec   .          Harm     +   (no cloak)
rCorr   .          Rampage  .   (no gloves)
Will    ++...                   u - +0 pair of boots
Stlth   ..........              q - amulet of regeneration
HPRegen 1.12/turn               (no ring)
MPRegen 0.11/turn               (no ring)

@: berserking, very quick
A: horns 2, retaliatory headbutt
a: Renounce Religion, Heroism, Finesse


You were in a bailey.
You worshipped Okawaru.
Okawaru was greatly pleased with you.
You visited 2 branches of the dungeon, and saw 8 of its levels.
You also visited: Sewer and Bailey.

You collected 414 gold pieces.

Inventory:

Hand Weapons
 a - a +0 long sword
 b - the +7 broad axe "Zoasad" (weapon) {vorpal, Int+2}
   (You found it on level 6 of the Dungeon)

   It inflicts extra damage upon your enemies.
   Int:       It affects your intelligence (+2).
 c - a +1 battleaxe of flaming
Armour
 d - a +0 buckler (worn)
 u - a +0 pair of boots (worn)
 C - a +2 hat (worn)
 D - the +2 plate armour "Nedgh" (worn) {Harm Will++ Str+2 Stlth+}
   (You found it on level 6 of the Dungeon)

   Str:       It affects your strength (+2).
   Harm:      It increases damage dealt and taken.
   Will:      It greatly increases your willpower.
   Stlth:     It makes you more stealthy.
Jewellery
 l - an amulet of faith
 q - an amulet of regeneration (around neck)
 r - a ring of fire
 E - a ring of poison resistance
Wands
 t - a wand of flame (21)
Scrolls
 f - 2 scrolls of immolation
 g - 2 scrolls of noise
 h - 4 scrolls of teleportation
 n - a scroll of silence
 o - 2 scrolls of enchant weapon
 s - a scroll of brand weapon
 y - a scroll of blinking {unknown}
 F - a scroll of magic mapping
Potions
 e - 3 potions of mutation
 j - 5 potions of curing
 k - 3 potions of magic
 m - 2 potions of resistance {unknown}
 p - 3 potions of invisibility
 v - a potion of brilliance
 w - 3 potions of might
 x - 2 potions of flight
 z - 2 potions of haste {unknown}
 A - 2 potions of lignification {unknown}
 B - a potion of heal wounds


   Skills:
 + Level 7.6 Fighting
 + Level 9.8 Long Blades
 + Level 7.0 Axes
 + Level 9.2 Armour
 + Level 4.7 Dodging
 + Level 0.7 Stealth
 + Level 6.7 Shields
 + Level 1.0 Invocations


You had 9 spell levels left.
You didn't know any spells.
Your spell library contained the following spells:

 Spells                   Type           Power      Damage    Failure   Level
 Foxfire                  Conj/Fire      0%         2x1d4     100%        1
 Necrotise                Necr           0%         1d4       100%        1
 Sting                    Tmut/Pois      0%         1d3       100%        1
 Poisonous Vapours        Pois/Air       0%         N/A       100%        2
 Conjure Flame            Conj/Fire      0%         6-21      100%        3
 Inner Flame              Hex/Fire       0%         N/A       100%        3
 Vampiric Draining        Necr           0%         2d6       100%        3
 Flame Wave               Conj/Fire      0%         2d4       100%        4
 Olgreb's Toxic Radiance  Pois           0%         N/A       100%        4
 Agony                    Necr           0%         N/A       100%        5


Dungeon Overview and Level Annotations

Branches:
Dungeon (7/15)             Temple (1/1) D:4           Sewer (visited)
 Bailey (1/1)

Altars:
Ashenzari
Cheibriados
Dithmenos
Elyvilon
Fedhas
Gozag
Hepliaklqana
Kikubaaqudgha
Makhleb
Nemelex Xobeh
Okawaru
Qazlal
Ru
Trog
Uskayaw
Xom
Yredelemnul
Zin
The Shining One

Shops:
D:4 :   D:6 :

Annotations:
D:6 2 transporters


Innate Abilities, Weirdness & Mutations

You have a pair of horns on your head.
You reflexively headbutt those who attack you in melee.


Message History

a +0 hand axe; a +0 leather armour You slash the goblin!
You kill the goblin!
You hit the orc.
The orc is heavily wounded.
You slash the orc warrior!
The orc warrior is almost dead.
You slash the orc warrior!
You kill the orc warrior!
Okawaru accepts your kill.
You hit the orc warrior.
The orc warrior is moderately wounded.
The orc warrior closely misses you. You furiously retaliate!
You headbutt the orc warrior. You slice the orc warrior!!
You kill the orc warrior!
Okawaru accepts your kill.
Your base Axes skill increases to level 7!
You slash the hobgoblin!
You kill the hobgoblin!
Okawaru accepts your kill.
You feel like a meek peon again.
You slash the orc warlord!
The orc warlord is lightly wounded.
The orc warlord hits you with a +8 battleaxe!!
A red film seems to cover your vision as you go berserk!
You feel yourself moving faster!
You feel mighty!
The orc warlord hits you with a +8 battleaxe!!
You slash the orc warlord!
The orc warlord is moderately wounded.
The orc warlord hits you with a +8 battleaxe!
* * * LOW HITPOINT WARNING * * *
You barely miss the orc warlord. You headbutt the orc warlord!
The orc warlord is moderately wounded.
The orc warlord hits you with a +8 battleaxe!!
* * * LOW HITPOINT WARNING * * *
You barely miss the orc warlord.
The orc warlord is moderately wounded.
The orc warlord hits you with a +8 battleaxe!
You die...

.........#...........#
.........#...........#
........###.......).###
#.....###.###.....#)#.###
###.###
...###.###.....### ..###
.... ###.........## ...#
..... #8..........# ...#
......#8..........# ...#
.....oo@....⌠....∩# ...#
......#8..........# ...#
..... #8..........# ..###
.... ###.........##
###.###
...###.###.....###
#.....###.###.....#'#.###
........###.........###
.........#...........#
.........#...........#


You could see an orc warlord and an orc (strong).

Vanquished Creatures
  Pikel (D:4)
  Grinder (D:5)
  Prince Ribbit (D:5)
  Sigmund (D:6)
  Edmund (D:6)
  2 water moccasins (D:6)
  Pargi (Sewer)
  13 orc warriors
  3 black bears
  An ice beast (D:5)
  2 ogres
  4 phantoms
  Blork the orc (D:6)
  A necrophage (D:5)
  2 scorpions
  A howler monkey (D:5)
  3 hounds
  A gnoll bouda (D:6)
  2 jellies (D:4)
  4 orc priests
  6 iguanas
  Ijyb (D:4)
  2 orc wizards
  13 gnolls
  10 adders
  5 ufetubi
  3 worms (D:5)
  2 dart slugs (D:3)
  19 orcs
  3 endoplasms
  2 giant cockroaches
  28 goblins
  12 hobgoblins
  2 jackals (D:4)
  6 quokkas
  5 ball pythons
  4 bats (D:1)
  4 frilled lizards
  14 kobolds
  5 rats
192 creatures vanquished.

Vanquished Creatures (others)
  An orc wizard (D:5)
1 creature vanquished.

Grand Total: 193 creatures vanquished

Notes
Turn   | Place    | Note
-------+----------+-------------------------------------------
     0 | D:1      | Peloso the Minotaur Fighter began the quest for the Orb.
     0 | D:1      | Reached XP level 1. HP: 19/19 MP: 0/0
   216 | D:1      | Reached XP level 2. HP: 27/27 MP: 1/1
   418 | D:1      | Found a faded altar of an unknown god.
   543 | D:1      | Reached XP level 3. HP: 30/33 MP: 2/2
  2318 | D:3      | Reached XP level 4. HP: 39/41 MP: 3/3
  2578 | D:4      | Noticed a scorpion
  2589 | D:4      | Killed a scorpion
  2590 | D:4      | Reached skill level 1 in Dodging
  2893 | D:4      | Reached XP level 5. HP: 47/47 MP: 4/4
  2989 | D:4      | Reached skill level 5 in Armour
  3040 | D:4      | Noticed Ijyb
  3067 | D:4      | Killed Ijyb
  3184 | D:4      | Found Kyrunump's Book Shoppe.
  3185 | D:4      | Noticed a black bear
  3195 | D:4      | Killed a black bear
  3196 | D:4      | Reached skill level 5 in Long Blades
  3196 | D:4      | Reached XP level 6. HP: 22/55 MP: 5/5
  3312 | D:4      | Found a staircase to the Ecumenical Temple.
  3334 | Temple   | Entered the Ecumenical Temple
  3341 | Temple   | Became a worshipper of Warmaster Okawaru
  3523 | D:4      | Reached skill level 5 in Fighting
  3615 | D:5      | Entered Level 5 of the Dungeon
  3769 | D:5      | Reached XP level 7. HP: 61/61 MP: 6/6
  3819 | D:5      | Reached * piety under Okawaru
  3861 | D:5      | Found a glowing drain.
  3909 | Sewer    | Entered a sewer
  3961 | Sewer    | Noticed Pargi
  3971 | Sewer    | Killed Pargi
  3995 | Sewer    | Reached skill level 5 in Shields
  4126 | D:5      | Noticed Prince Ribbit
  4150 | D:5      | Killed Prince Ribbit
  4150 | D:5      | Reached ** piety under Okawaru
  4151 | D:5      | Reached XP level 8. HP: 42/70 MP: 4/7
  4672 | D:5      | Noticed Pikel
  4715 | D:4      | Killed Pikel
  4715 | D:4      | Reached *** piety under Okawaru
  4716 | D:4      | Reached XP level 9. HP: 46/78 MP: 5/8
  4762 | D:5      | Noticed Grinder
  4764 | D:5      | Paralysed by Grinder for 3 turns
  4776 | D:5      | Killed Grinder
  5199 | D:6      | Identified the +7 broad axe "Zoasad" {vorpal, Int+2}
  5200 | D:6      | Identified the +2 plate armour "Nedgh" {Harm Will++ Str+2
                  | Stlth+}
  5228 | D:6      | Noticed Blork the orc
  5233 | D:6      | Killed Blork the orc
  5299 | D:6      | Reached skill level 1 in Axes
  5643 | D:6      | Noticed Sigmund
  5658 | D:6      | Killed Sigmund
  5729 | D:6      | Found Saiji's Book Emporium.
  5739 | D:6      | Noticed Edmund
  5747 | D:6      | Killed Edmund
  5773 | D:6      | Found a glowing golden altar of the Shining One.
  5773 | D:6      | Noticed a boulder beetle
  5773 | D:6      | Noticed a troll
  5780 | D:6      | Reached **** piety under Okawaru
  5782 | D:6      | Found a hazy altar of Hepliaklqana.
  5801 | D:6      | Found a transporter.
  5815 | D:6      | Found a transporter.
  6060 | D:7      | Found a flagged portal.
  6067 | Bailey   | Entered a bailey
  6122 | Bailey   | Reached skill level 5 in Axes
  6316 | Bailey   | Reached XP level 10. HP: 86/86 MP: 9/9
  6384 | Bailey   | Reached skill level 1 in Invocations
  6431 | Bailey   | Noticed an orc warlord
  6447 | Bailey   | HP: 4/132 [orc warlord/+8 battleaxe (31)]
  6448 | Bailey   | Mangled by an orc warlord

Illustrated notes

Levels and vault maps discovered:
D:1:      nicolae_arrival_washed_ashore, layout_loops_ring,
          shapermc_ecumenical_altar_acropolis, roderic_roman_lattice,
          minmay_tromino_v4_b
D:2:      layout_loops_corners, minmay_misc_feat_columns
D:3:      layout_loops_ring
D:4:      layout_cave_pools, minmay_temple_entry_ruins, serial_shops,
          nicolae_shop_waterfront, minmay_ogre_servants, uniq_ijyb
D:5:      minmay_bubble_buster, layout_basic, cheibrodos_sewer_entry_bend,
          uniq_prince_ribbit1, uniq_grinder, uniq_pikel
D:6:      layout_loops_cross, gammafunk_temple_overflow_arena, serial_shops,
          shop, uniq_blork_the_orc, uniq_sigmund, uniq_edmund
D:7:      layout_basic, enter_bailey_3, nicolae_shop_i_like_big_books,
          uniq_duvessa, uniq_joseph, uniq_crazy_yiuf_cottage
Temple:   sentei_temple_godly_chess
Bailey:   bailey_axe_minmay_hex_keep, bailey

Skill      XL: |  1  2  3  4  5  6  7  8  9 10 |
---------------+-------------------------------+-----
Fighting       | 4 5 6 7 |  7.6
Long Blades    | 3 4 5 7 9 |  9.8
Armour         | 4 5 7 8 9 |  9.2
Dodging        | 1 2 3 4 |  4.7
Shields        | 4 5 6 |  6.7
Axes           | 5 7 |  7.0
Invocations    | 1 |  1.0
Stealth        | |  0.7

Action                   |  1- 3 |  4- 6 |  7- 9 | 10-12 || total
-------------------------+-------+-------+-------+-------++-------
Melee: Long sword        |    92 |    94 |   202 |       ||   388
       Headbutt          |    10 |    15 |    52 |     7 ||    84
       Broad axe         |       |       |    98 |    35 ||   133
Invok: Heroism           |       |       |     7 |     2 ||     9
  Use: Scroll            |     1 |     5 |     8 |       ||    14
       Potion            |       |     3 |     2 |     1 ||     6
Armor: Scale mail        |    56 |    57 |    88 |       ||   201
       Plate armour      |       |       |    53 |     7 ||    60
Dodge: Dodged            |    44 |    50 |   118 |     9 ||   221
Block: Buckler           |    39 |    25 |    86 |     3 ||   153
